 Dungeon Crawl Stone Soup version 0.24.0-28-g17ded55e90 (webtiles) character file.

Game seed: 3660235245816853508, levelgen mode: deterministic

108 Emblim88 the Poker (level 4, -1/29 HPs)
             Began as a Tengu Berserker on Nov 13, 2019.
             Was a Believer of Trog.
             Killed by divine providence
             ... invoked by an orc priest
              (11 damage)
             ... on level 3 of the Dungeon.
             The game lasted 00:05:23 (2666 turns).

Emblim88 the Poker (Tengu Berserker)                Turns: 2666, Time: 00:05:24

Health: -1/29      AC:  6    Str: 17    XL:     4   Next: 87%
Magic:  5/5        EV: 13    Int:  8    God:    Trog [**....]
Gold:   109        SH:  0    Dex: 14    Spells: 3/3 levels left

rFire    + . .     SeeInvis .   a - +0 spear
rCold    + . .     Gourm    .   (no shield)
rNeg     . . .     Faith    .   p - +2 leather armour {rC+}
rPois    .         Spirit   .   (helmet restricted)
rElec    .         Reflect  .   (no cloak)
rCorr    .         Harm     .   e - +0 pair of gloves
MR       .....                  (boots unavailable)
Stlth    ..........             (no amulet)
HPRegen  0.09/turn              j - ring of attention (curse)
MPRegen  0.09/turn              (no ring)

@: invisible
A: antennae 1, beak, talons 3, fire resistance 1, wild magic 1
a: Berserk, Trog's Hand, Renounce Religion


You were on level 3 of the Dungeon.
You worshipped Trog.
Trog was pleased with you.
You were hungry.

You visited 1 branch of the dungeon, and saw 3 of its levels.

You collected 109 gold pieces.

Inventory:

Hand Weapons
 a - a +0 spear (weapon)
 i - a +0 dagger
Missiles
 f - 23 bolts
 o - 3 javelins (quivered)
Armour
 e - a +0 pair of gloves (worn)
 p - a +2 leather armour of cold resistance (worn)
Jewellery
 j - a cursed ring of attention (left hand)
Scrolls
 b - a scroll of enchant armour {unknown}
 g - a scroll of teleportation {unknown}
 m - a scroll of identify {unknown}
Comestibles
 c - 3 rations


   Skills:
 + Level 3.8 Fighting
 + Level 4.1 Polearms
 + Level 3.1 Armour
 + Level 3.2 Dodging


You had 3 spell levels left.
You didn't know any spells.
Your spell library was empty.

Dungeon Overview and Level Annotations

Branches:
Dungeon (3/15)

Altars:
Fedhas
Ru
Xom
Yredelemnul


Innate Abilities, Weirdness & Mutations

You have a beak for a mouth.
You have claws for feet.
You have a pair of small antennae on your head.
Your flesh is heat resistant. (rF+)
Your spells are a little harder to cast, but a little more powerful.


Message History

The orc priest invokes the aid of Beogh against you.
Beogh smites you! Something hits you.
Attack whom?
Press: ? - help, Dir - move target cursor, f/p - orc priest
Aim: an orc priest, wielding a +0 whip (severely wounded)
Something you can't see is in the way.
You hit something. Your peck misses something. Something hits you.
You are too injured to fight recklessly!
You are too injured to fight recklessly!
It was a potion of mutation.
You feel extremely strange.
You feel resistant to heat.
You feel less in control of your magic. A pair of antennae grows on your head!
You hear some strange, mumbled words.
A puff of flame appears from out of thin air!
The puff of flame hits you. You resist.
It was a potion of invisibility.
You fade into invisibility!
The orc priest mumbles some strange prayers to Beogh against you.
Beogh smites you!
You die...

########
#..........<..
######
##........[...
....# #.####...)...
....# #..# #.......
...#####.###.......
#..##.....##.......
oo##.###.##.......
#{##.# #..###.#...
#@##.# #......#...
#.##.###...##.#..#
#..........##.#..#
#................#
#...........#.##.#
#.............##.#
#..######+#..#....#
#.## #......####
... #####..#


You could see an orc priest and an orc.

Vanquished Creatures
  2 adders (D:2)
  6 worms
  A dart slug (D:2)
  2 leopard geckos
  2 orcs (D:3)
  2 giant cockroaches
  6 goblins
  11 hobgoblins
  5 jackals
  A quokka (D:2)
  2 ball pythons
  10 bats
  3 frilled lizards
  6 kobolds
  8 rats
67 creatures vanquished.

Notes
Turn   | Place    | Note
-------+----------+-------------------------------------------
     0 | D:1      | Emblim88 the Tengu Berserker began the quest for the Orb.
     0 | D:1      | Reached XP level 1. HP: 14/14 MP: 2/2
   317 | D:1      | Reached XP level 2. HP: 17/19 MP: 3/3
  1068 | D:2      | Reached XP level 3. HP: 17/23 MP: 4/4
  1306 | D:2      | Reached ** piety under Trog
  1380 | D:2      | Found a blossoming altar of Fedhas.
  1736 | D:2      | Reached XP level 4. HP: 28/28 MP: 5/5
  2062 | D:2      | Found a shimmering altar of Xom.
  2158 | D:2      | Reached skill level 4 in Polearms
  2362 | D:3      | Found a basalt altar of Yredelemnul.
  2572 | D:3      | Found a sacrificial altar of Ru.
  2665 | D:3      | Gained mutation: Your flesh is heat resistant. (rF+)
                  | [potion of mutation]
  2665 | D:3      | Gained mutation: Your spells are a little harder to cast,
                  | but a little more powerful. [potion of mutation]
  2665 | D:3      | Gained mutation: You have a pair of small antennae on your
                  | head. [potion of mutation]
  2666 | D:3      | Killed from afar by an orc priest

Levels and vault maps discovered:
D:1:      kennysheep_arrival_seaside, layout_basic, minmay_misc_feat_enclosed
D:2:      layout_basic, marbit_many_paths, old_standard_altar
D:3:      layout_basic, zin_academy, nicolae_overflow_crystal_walls,
          first_ration, nicolae_ru_the_path_less_chosen

Skill      XL: |  1  2  3  4 |
---------------+-------------+-----
Dodging        | 3 |  3.2
Armour         | 3 |  3.1
Polearms       | 4 |  4.1
Fighting       | |  3.8

Action                   |  1- 3 |  4- 6 || total
-------------------------+-------+-------++-------
Melee: Spear             |   115 |    96 ||   211
       Kick              |    22 |    29 ||    51
       Peck              |    10 |    10 ||    20
  Use: Scroll            |       |     2 ||     2
       Potion            |       |     2 ||     2
 Stab: Sleeping          |     1 |       ||     1
  Eat: Chunk             |     3 |     2 ||     5
Armor: Animal skin       |     9 |       ||     9
       Leather armour    |     7 |     8 ||    15
       Ring mail         |    14 |     2 ||    16
       Chain mail        |       |    10 ||    10
Dodge: Dodged            |    47 |    14 ||    61
